 Dungeon Crawl Stone Soup version 0.17.0-23-g0de4337 (console) character file.

121 Kloppie the Magician (level 4, -4/36 HPs)
             Began as a Centaur Wizard on Nov 14, 2015.
             Slain by a sky beast (5 damage)
             ... on level 5 of the Dungeon.
             The game lasted 00:07:35 (3228 turns).

Kloppie the Magician (Centaur Wizard)               Turns: 3228, Time: 00:07:35

Health: -4/36      AC:  8    Str: 10    XL:     4   Next: 77%
Magic:  7/7        EV:  7    Int: 17    God:
Gold:   64         SH:  0    Dex:  8    Spells: 3 memorised, 2 levels left

rFire  . . .     SeeInvis .       - Unarmed
rCold  . . .     Clarity  .     a - +0 robe
rNeg   . . .     SustAt   .     (no shield)
rPois  .         Gourm    .     b - +0 hat
rElec  .         Spirit   .     (no cloak)
rCorr  .         Warding  .     (no gloves)
rMut   .         Stasis   .     q - +0 centaur barding
MR     .....                    (no amulet)
Stlth  +.........               (no ring)
                                (no ring)

@: very quick, not resistant to hostile enchantments, very unstealthy
A: hooves 3, deformed body, speed 2, tough skin 3
a: no special abilities


You were on level 5 of the Dungeon.
You were near starving.

You visited 1 branch of the dungeon, and saw 5 of its levels.

You collected 64 gold pieces.

Inventory:

Armour
 a - a +0 robe (worn)
 b - a +0 hat (worn)
 q - a +0 centaur barding (worn)
 u - a cursed -2 buckler
Jewellery
 e - a +2 ring of dexterity {unknown}
 g - a +3 ring of protection {unknown}
 o - an uncursed ring of flight {unknown}
Scrolls
 f - 2 scrolls of fear {unknown}
 h - a scroll of enchant armour {unknown}
 j - 5 scrolls of identify {unknown}
 l - 2 scrolls of remove curse {unknown}
 m - a scroll of teleportation {unknown}
Potions
 i - a potion of lignification {unknown}
 k - 2 potions of mutation {unknown}
 r - 2 potions of curing {unknown}
 s - 2 potions of flight {unknown}
Books
 c - a book of Minor Magic

   Spells                             Type                      Level
   a - Magic Dart                     Conjuration                  1
   b - Blink                          Translocation                2
   c - Call Imp                       Summoning                    2
   d - Repel Missiles                 Charms/Air                   2
   e - Slow                           Hexes                        2
   f - Conjure Flame                  Conjuration/Fire             3
   g - Mephitic Cloud                 Conjuration/Poison/Air       3
Comestibles
 d - 3 bread rations
 n - 3 royal jellies
 p - a beef jerky
 t - a slice of pizza


   Skills:
 + Level 2.2 Fighting
 - Level 1.3 Dodging
 - Level 1.2 Stealth
 + Level 2.2 Unarmed Combat
 - Level 2.6 Spellcasting
 + Level 2.2 Conjurations
 - Level 0.8 Summonings
   Level 0.8 Translocations


You had 2 spell levels left.
You knew the following spells:

 Your Spells              Type           Power        Failure   Level  Hunger
a - Magic Dart            Conj           ##..         10%         1    #......
b - Call Imp              Summ           #.......     21%         2    ##.....
c - Conjure Flame         Conj/Fire      #.......     38%         3    ###....


Dungeon Overview and Level Annotations

Branches:
Dungeon (5/15)
 Temple: D:4-7

Altars:
Xom

Annotations:
D:3 MovingMist's ghost, amateur GrFi


Innate Abilities, Weirdness & Mutations

You have hooves in place of feet.
Armour fits poorly on your strangely shaped body.
You cover ground very quickly.
You have extremely tough skin (AC +3).


Message History

* * * LOW HITPOINT WARNING * * *
Something shocks you.
* * * LOW HITPOINT WARNING * * *
You miss something. Something hits you but does no damage.
You closely miss something. Your kick misses something.
Something hits you but does no damage.
You closely miss something.
You hear the slow rusting of a distant drain.
Something hits you.
* * * LOW HITPOINT WARNING * * *
Something shocks you.
* * * LOW HITPOINT WARNING * * *
You hit something but do no damage. Your kick misses something.
Something hits you.
* * * LOW HITPOINT WARNING * * *
Something shocks you.
* * * LOW HITPOINT WARNING * * *
You closely miss something. Something hits you but does no damage.
You closely miss something. Something hits you.
You die...

##### #.....# ....#
#.....# ....##### #.....#
........###########.....#
........#........##.....#
##......#........##.....#
##......#........##.....#
#########.......@.......#
# #........##.....# #
#........##.#####
#########........##.#
.....................
##########.########.#
..########......# #.#
...................>#
..########......#.


There were no monsters in sight!

Vanquished Creatures
  An orc wizard (D:3)
  A hound skeleton (D:5)
  3 adders
  An ooze (D:2)
  An adder skeleton (D:5)
  A giant gecko (D:3)
  2 orcs (D:3)
  4 bats
  7 giant cockroaches
  8 hobgoblins
  3 jackals
  A quokka (D:5)
  5 giant newts
  2 goblins
  6 kobolds
  3 rats (D:1)
49 creatures vanquished.

Notes
Turn   | Place    | Note
--------------------------------------------------------------
     0 | D:1      | Kloppie the Centaur Wizard began the quest for the Orb.
     0 | D:1      | Reached XP level 1. HP: 14/14 MP: 3/3
    23 | D:1      | Reached skill level 1 in Conjurations
   338 | D:1      | Reached XP level 2. HP: 20/20 MP: 0/5
  1133 | D:1      | Reached skill level 1 in Fighting
  1440 | D:2      | Found a shimmering altar of Xom.
  1441 | D:2      | Found a shimmering altar of Xom.
  1441 | D:2      | Found a shimmering altar of Xom.
  1514 | D:2      | Reached skill level 1 in Unarmed Combat
  1514 | D:2      | Reached XP level 3. HP: 19/28 MP: 4/6
  2279 | D:3      | Noticed MovingMist's ghost (amateur GrFi)
  2638 | D:3      | HP: 1/29 [something/puff of flame (7)]
  2641 | D:3      | Reached XP level 4. HP: 1/36 MP: 5/7
  3004 | D:3      | You fall through a shaft for 2 floors!
  3004 | D:5      | Entered Level 5 of the Dungeon
  3127 | D:5      | Learned a level 2 spell: Call Imp
  3131 | D:5      | Learned a level 3 spell: Conjure Flame
  3207 | D:5      | Noticed a sky beast
  3226 | D:5      | HP: 1/36 [something (5)]
  3228 | D:5      | Slain by a sky beast

Action                   |  1- 3 |  4- 6 || total
-------------------------+-------+-------++-------
Melee: Unarmed           |   147 |    32 ||   179
 Cast: Magic Dart        |    95 |    14 ||   109
  Eat: Chunk             |     4 |     1 ||     5
